 Dungeon Crawl Stone Soup version 0.30.1-11-g7821555f0a (webtiles) character file.

Game seed: 14691551904112399600

2635 Peloso the Carver (level 9, 0/79 HPs)
             Began as a Minotaur Fighter on Dec 17, 2023.
             Was a Follower of Okawaru.
             Killed by divine providence
             ... invoked by an orc priest
              (9 damage)
             ... on level 8 of the Dungeon.
             The game lasted 00:11:07 (6356 turns).

Peloso the Carver (Minotaur Fighter)                Turns: 6356, Time: 00:11:08

Health: 0/79       AC: 21    Str: 24    XL:     9   Next: 35%
Magic:  6/8        EV: 12    Int:  5    God:    Okawaru [*.....]
Gold:   613        SH:  7    Dex: 13    Spells: 8/8 levels left

rFire   . . .        b - +0 scimitar
rCold   . . .        d - +0 buckler
rNeg    + . .        p - +4 chain mail of Optimism {Rampage rN+ Str+2}
rPois   .            (helmet restricted)
rElec   .            (no cloak)
rCorr   .            c - +2 pair of gloves
SInv    .            B - +0 pair of boots
Will    .....        (no amulet)
Stlth   +            (no ring)
HPRegen 0.33/turn    (no ring)
MPRegen 0.11/turn

%: rampage
@: heroic
A: horns 2, retaliatory headbutt
a: Renounce Religion, Heroism


You were on level 8 of the Dungeon.
You worshipped Okawaru.
Okawaru was aware of your devotion.
You visited 1 branch of the dungeon, and saw 8 of its levels.

You collected 613 gold pieces.

Inventory:

Hand Weapons
 a - a +0 long sword
 b - a +0 scimitar (weapon)
Armour
 c - a +2 pair of gloves (worn)
 d - a +0 buckler (worn)
 p - the +4 chain mail of Optimism (worn) {Rampage rN+ Str+2}
   (You found it on level 3 of the Dungeon)

   Str:       It affects your strength (+2).
   rN:        It protects you from negative energy.
   Rampage:   It bestows one free step when moving towards enemies.
 B - a +0 pair of boots (worn)
Jewellery
 x - an amulet of guardian spirit
 y - a ring of poison resistance
 C - a ring of flight
Wands
 j - a wand of flame (27)
Scrolls
 e - 2 scrolls of teleportation
 g - 2 scrolls of poison {unknown}
 l - 3 scrolls of fear
 o - 3 scrolls of torment {unknown}
 q - 2 scrolls of acquirement {unknown}
 r - a scroll of vulnerability {unknown}
 s - 2 scrolls of magic mapping {unknown}
 t - a scroll of enchant armour
 v - a scroll of blinking
 A - a scroll of identify
Potions
 f - 3 potions of might
 h - a potion of heal wounds
 i - 4 potions of mutation
 k - a potion of flight {unknown}
 m - a potion of ambrosia {unknown}
 n - 3 potions of curing
 u - a potion of brilliance
 w - a potion of lignification {unknown}
 z - a potion of haste


   Skills:
 + Level 7.3(12.3) Fighting
 + Level 10.4(15.4) Long Blades
 + Level 8.0(13.0) Armour
 + Level 3.0(8.0) Dodging
 + Level 1.1(6.1) Stealth
 + Level 6.1(11.1) Shields


You had 8 spell levels left.
You didn't know any spells.
Your spell library contained the following spells:

 Spells                   Type           Power      Damage    Failure   Level
 Sandblast                Erth           0%         2d4       92%         1
 Cigotuvi's Dreadful Rot  Necr/Pois/Air  0%         N/A       98%         2
 Passwall                 Tmut/Erth      0%         N/A       98%         2
 Static Discharge         Conj/Air       0%         2-2/arc   98%         2
 Dazzling Flash           Conj/Hex       0%         N/A       100%        3
 Ignite Poison            Fire/Tmut/Pois 0%         N/A       100%        3
 Stone Arrow              Conj/Erth      0%         3d7       100%        3
 Vhi's Electric Charge    Tloc/Air       0%         N/A       100%        3
 Airstrike                Air            0%         2d(0-16)  100%        4
 Agony                    Necr           0%         N/A       100%        5
 Arcjolt                  Conj/Air       0%         1d10      100%        5
 Freezing Cloud           Conj/Ice/Air   0%         6-21      100%        5
 Iskenderun's Battlesphe  Conj           0%         2d6       100%        5
 Silence                  Hex/Air        0%         N/A       100%        5
 Iron Shot                Conj/Erth      0%         9d1       100%        6
 Plasma Beam              Fire/Air       0%         2x1d11    100%        6
 Summon Lightning Spire   Summ/Air       Unusable   N/A       N/A         4
 Spellforged Servitor     Conj/Summ      Unusable   N/A       N/A         7

Dungeon Overview and Level Annotations

Branches:
Dungeon (8/15)             Temple (0/1) D:7
   Lair: D:8-11

Altars:
Gozag
Hepliaklqana
Makhleb
Okawaru
Uskayaw


Innate Abilities, Weirdness & Mutations

You have a pair of horns on your head.
You reflexively headbutt those who attack you in melee.


Message History

You gain the combat prowess of a mighty hero.
You block something's attack.
The orc warrior hits you from afar with a +0 trident.
* * * LOW HITPOINT WARNING * * *
The orc warrior completely misses you. You furiously retaliate!
You headbutt the orc warrior.
Things that are here:
a +0 hand axe; a +0 leather armour Unknown command.
You hit the orc warrior.
The orc warrior is lightly wounded.
You block something's attack.
The orc throws a boomerang.
The boomerang hits you.
* * * LOW HITPOINT WARNING * * *
Unknown command.
You feel much better. Something hits you but does no damage.
You are electrocuted!
The orc warrior hits you with a +0 trident!
* * * LOW HITPOINT WARNING * * *
You slash the orc warrior!
The orc warrior is heavily wounded.
You block something's attack.
The orc warrior hits you with a +0 trident.
* * * LOW HITPOINT WARNING * * *
Unknown command.
The orc attacks as you move away! The orc hits you with a +0 club.
* * * LOW HITPOINT WARNING * * *
Something hits you but does no damage.
The orc warrior hits you with a +0 trident.
* * * LOW HITPOINT WARNING * * *
The orc warrior attacks as you move away!
The orc warrior hits you with a +0 trident.
* * * LOW HITPOINT WARNING * * *
The orc attacks as you move away! The orc closely misses you.
An orc comes into view. It is wielding a +0 hand axe.
The orc shouts!
The orc warrior hits you but does no damage.
The orc priest invokes the aid of Beogh against you.
Beogh smites you!
You die...

............).......# #
####...........##.##### #
####.....#####.##..# #
#.<..)..# #.##..##### .
#...[...# #.##......#
##.......# #......###
#####........# ####.###.#
.....<.....o.# #.##.#.#
........####@# ##.#.# #.##
o###.....ooo.######...##
##..
#.......#)).........#.###.##
#.#..#.o#.#.######.###.#.###
......#o.#.#.# .......#.##
.....o#......# .##.##.###
##.##(....#### # #. #.
....####.# #. #. #.# #.


You could see an orc warrior, an orc priest and 2 orcs.

Vanquished Creatures
  A hornet (D:7)
  5 yaks (D:8)
  An orc warrior (D:7)
  A black bear (D:8)
  An ogre (D:5)
  3 bullfrogs
  4 scorpions
  5 killer bees (D:6)
  A howler monkey (D:4)
  2 jellies (D:4)
  2 hounds
  2 orc priests
  3 sleepcaps
  6 iguanas
  3 orc wizards
  7 gnolls
  6 adders
  A shadow imp (D:7)
  A white imp (D:6)
  An ufetubus (D:6)
  3 worms
  5 dart slugs
  30 orcs
  5 ball pythons
  3 endoplasms
  3 giant cockroaches
  6 goblins
  2 hobgoblins
  10 jackals
  2 quokkas
  5 bats
  3 frilled lizards
  6 kobolds
  9 rats
148 creatures vanquished.

Notes
Turn   | Place    | Note
-------+----------+-------------------------------------------
     0 | D:1      | Peloso the Minotaur Fighter began the quest for the Orb.
     0 | D:1      | Reached XP level 1. HP: 19/19 MP: 0/0
   164 | D:1      | Reached XP level 2. HP: 17/27 MP: 1/1
   476 | D:1      | Reached XP level 3. HP: 29/33 MP: 2/2
   630 | D:2      | Reached skill level 3 in Long Blades
   985 | D:2      | Reached XP level 4. HP: 40/40 MP: 3/3
  1136 | D:2      | Found an opulent altar of Gozag.
  1263 | D:2      | Reached skill level 4 in Long Blades
  1418 | D:2      | Found a faded altar of an unknown god.
  1912 | D:3      | Identified the +4 chain mail of Optimism {Rampage rN+
                  | Str+2}
  1944 | D:3      | Reached XP level 5. HP: 46/46 MP: 4/4
  1955 | D:3      | Reached skill level 5 in Long Blades
  1955 | D:3      | Reached skill level 1 in Dodging
  2417 | D:4      | Reached XP level 6. HP: 44/53 MP: 5/5
  2536 | D:4      | Reached skill level 6 in Long Blades
  2842 | D:5      | Entered Level 5 of the Dungeon
  2880 | D:5      | Found a hide-covered altar of Uskayaw.
  2887 | D:5      | Reached skill level 7 in Long Blades
  2887 | D:5      | Reached XP level 7. HP: 60/60 MP: 6/6
  2929 | D:5      | Reached skill level 5 in Armour
  2929 | D:5      | Reached skill level 5 in Shields
  2932 | D:5      | HP: 3/60 [iguana (6)]
  3915 | D:6      | Reached skill level 5 in Fighting
  4016 | D:6      | Reached skill level 8 in Long Blades
  4045 | D:6      | Reached XP level 8. HP: 47/68 MP: 7/7
  4710 | D:6      | Found a hazy altar of Hepliaklqana.
  5111 | D:7      | Found a staircase to the Ecumenical Temple.
  5131 | D:7      | Found a burning altar of Makhleb.
  5131 | D:7      | Noticed a blizzard demon
  5382 | D:7      | Noticed a hornet
  5399 | D:7      | Killed a hornet
  5400 | D:7      | Reached skill level 9 in Long Blades
  6093 | D:8      | Found an iron altar of Okawaru.
  6104 | D:8      | Reached skill level 1 in Stealth
  6113 | D:8      | Became a worshipper of Warmaster Okawaru
  6139 | D:8      | Reached XP level 9. HP: 54/78 MP: 8/8
  6158 | D:8      | Reached skill level 10 in Long Blades
  6169 | D:8      | Reached * piety under Okawaru
  6356 | D:8      | Killed from afar by an orc priest

Illustrated notes

Levels and vault maps discovered:
D:1:      lightli_arrival_statue_moat, layout_rooms, serial_glass,
          glass_columns_a, glass_columns_c, glass_columns_a, glass_columns_b,
          glass_columns_c, glass_columns_a
D:2:      minmay_door_path, layout_loops_corners,
          hellmonk_ecumenical_altar_heavens_door, basic_altar, st_stairs_13
D:3:      layout_loops_ring
D:4:      layout_rooms
D:5:      layout_loops_ring, mainiacjoe_overflow_cross_hatched, serial_glass,
          glass_columns_a, glass_columns_b, glass_columns_c, glass_columns_c
D:6:      hellmonk_destroyed_diamonds, layout_loops_ring,
          mainiacjoe_overflow_catwalk
D:7:      layout_loops_ring, makhleb_altar_promises_db,
          minmay_temple_entry_from_below_b
D:8:      layout_loops_cross, zin_scriptorium, old_standard_altar,
          nicolae_ossuary_entry_monument

Skill      XL: |  1  2  3  4  5  6  7  8  9 |
---------------+----------------------------+-----
Fighting       | 4 5 6 7 |  7.3
Shields        | 4 5 6 |  6.1
Armour         | 4 5 7 8 |  8.0
Long Blades    | 3 4 5 7 8 9 10 | 10.4
Dodging        | 1 2 3 |  3.0
Stealth        | 1 |  1.1

Action                     |  1- 3 |  4- 6 |  7- 9 || total
---------------------------+-------+-------+-------++-------
  Melee: Long sword        |    90 |   145 |   202 ||   437
         Headbutt          |    10 |    28 |    52 ||    90
         Scimitar          |       |       |    92 ||    92
 Invoke: Heroism           |       |       |     1 ||     1
    Use: Potion            |     4 |       |     2 ||     6
         Scroll            |     1 |     7 |     2 ||    10
 Armour: Scale mail        |    57 |    20 |       ||    77
         Chain mail        |       |    56 |   150 ||   206
  Dodge: Dodged            |    56 |    48 |   122 ||   226
  Block: Buckler           |    25 |    26 |    68 ||   119
